 Dungeon Crawl Stone Soup version 0.31-a0-750-gfe7b580527 (webtiles) character file.

Game seed: 15453039697995723904

162 heikuro the Shield-Bearer (level 5, 0/42 HPs)
             Began as a Formicid Fighter on Sept 15, 2023.
             Slain by a black bear (3 damage)
             ... on level 4 of the Dungeon.
             The game lasted 00:05:31 (2472 turns).

heikuro the Shield-Bearer (Formicid Fighter)        Turns: 2472, Time: 00:05:32

Health: 0/42       AC: 11    Str: 22    XL:     5   Next: 71%
Magic:  5/5        EV:  8    Int:  8    God:
Gold:   187        SH:  5    Dex: 13    Spells: 4/4 levels left

rFire   . . .        a - +0 war axe
rCold   + . .        c - +0 buckler
rNeg    . . .        g - +0 chain mail
rPois   .            (helmet unavailable)
rElec   .            j - +0 cloak
rCorr   .            h - +0 pair of gloves
SInv    +            (no boots)
Will    .....        p - amulet of the acrobat Stlth
                     t - ring of protection from cold
HPRegen 0.27/turn    (no ring)
MPRegen 0.09/turn

%: acrobat
@: no status effects
A: permanent stasis, dig shafts and tunnels, antennae 3, four strong arms
a: Dig, Shaft Self


You were on level 4 of the Dungeon.
You visited 1 branch of the dungeon, and saw 4 of its levels.

You collected 187 gold pieces.

Inventory:

Hand Weapons
 a - a +0 war axe (weapon)
 m - a +0 dagger of electrocution
Missiles
 e - 7 poisoned darts
Armour
 c - a +0 buckler (worn)
 g - a +0 chain mail (worn)
 h - a +0 pair of gloves (worn)
 j - a +0 cloak (worn)
 q - a scarf of invisibility
Jewellery
 p - an amulet of the acrobat (around neck)
 t - a ring of protection from cold (left hand)
Wands
 w - a wand of flame (8)
Scrolls
 b - a scroll of torment {unknown}
 i - 2 scrolls of identify
 k - 2 scrolls of poison {unknown}
 l - 3 scrolls of enchant armour {unknown}
 o - a scroll of summoning {unknown}
 r - a scroll of blinking {unknown}
 s - a scroll of immolation {unknown}
 u - a scroll of vulnerability {unknown}
 v - a scroll of teleportation {unknown}
Potions
 d - a potion of might
 f - 2 potions of curing
 n - a potion of lignification


   Skills:
 + Level 4.1 Fighting
 * Level 3.8 Axes
 + Level 4.1 Armour
 + Level 5.0 Shields


You had 4 spell levels left.
You didn't know any spells.
Your spell library was empty.

Dungeon Overview and Level Annotations

Branches:
Dungeon (4/15)
 Temple: D:4-7

Altars:
Makhleb
Nemelex Xobeh


Innate Abilities, Weirdness & Mutations

You cannot be hasted, slowed, berserked, paralysed or teleported.
You can dig through walls and to a lower floor.
You have a pair of large antennae on your head. (SInv)
Your four strong arms can wield two-handed weapons with a shield.


Message History

The jackal bites you but does no damage.
The black bear goes berserk!
The jackal completely misses you.
You hit the black bear but do no damage.
The black bear is almost dead.
You hit the jackal. The black bear barely misses you.
The black bear claws you but does no damage. x2
You block the jackal's attack. The black bear bites you!
The black bear claws you but does no damage.
The black bear claws you. The jackal closely misses you.
You hit the black bear.
The black bear is almost dead.
You slash the jackal!
You kill the jackal!
The black bear bites you.
The black bear claws you but does no damage.
The black bear barely misses you. The black bear bites you!
The black bear claws you.
The black bear claws you but does no damage.
You barely miss the black bear.
The black bear is almost dead.
The black bear bites you! The black bear claws you.
* * * LOW HITPOINT WARNING * * *
You block the black bear's attack. The black bear bites you.
* * * LOW HITPOINT WARNING * * *
The black bear closely misses you. The black bear barely misses you.
The black bear completely misses you. The black bear closely misses you.
The black bear completely misses you.
You hit the black bear.
The black bear is almost dead.
The black bear bites you.
* * * LOW HITPOINT WARNING * * *
You block the black bear's attack.
The black bear claws you but does no damage.
The black bear closely misses you. The black bear claws you.
* * * LOW HITPOINT WARNING * * *
The black bear claws you but does no damage.
You barely miss the black bear.
The black bear is almost dead.
You block the black bear's attack. The black bear claws you.
You die...

{ # , #
#.#.######.##.. #.
#.....†.......
#.######h#.?..~~#
###
#.#####@#..~##≈≈
..###....#.#..#≈≈
#.#.###...#.## ≈≈≈
#.## #####.~ ≈≈
#########.# .# ≈
.........<## .#
########.#.#######.
#.###[.......
##.#.#######.


You could see a black bear (berserk).

Vanquished Creatures
  3 gnolls (D:2)
  4 adders
  2 worms
  12 dart slugs
  6 bats
  4 endoplasms
  A giant cockroach (D:1)
  8 goblins
  6 hobgoblins
  3 jackals
  A quokka (D:2)
  5 ball pythons
  3 frilled lizards
  5 kobolds
  7 rats
70 creatures vanquished.

Notes
Turn   | Place    | Note
-------+----------+-------------------------------------------
     0 | D:1      | heikuro the Formicid Fighter began the quest for the Orb.
     0 | D:1      | Reached XP level 1. HP: 18/18 MP: 1/1
   229 | D:1      | Reached XP level 2. HP: 24/24 MP: 2/2
   941 | D:2      | Reached XP level 3. HP: 25/29 MP: 3/3
   994 | D:2      | Reached XP level 4. HP: 6/37 MP: 4/4
  1688 | D:2      | Reached XP level 5. HP: 37/42 MP: 5/5
  2034 | D:3      | Found a sparkling altar of Nemelex Xobeh.
  2035 | D:3      | Found a burning altar of Makhleb.
  2203 | D:3      | Reached skill level 5 in Shields
  2461 | D:4      | Noticed a black bear
  2472 | D:4      | Slain by a black bear

Illustrated notes

Levels and vault maps discovered:
D:1:      dpeg_arrival_water_temple_mockup, layout_basic
D:2:      layout_loops_ring
D:3:      kennysheep_slugbush, layout_rooms, jmf_multi_god_temple,
          minmay_splitting_lines
D:4:      layout_loops_ring, minivault_4, uniq_blork_the_orc

Skill      XL: |  1  2  3  4  5 |
---------------+----------------+-----
Axes           | 3 |  3.8
Armour         | 4 |  4.1
Fighting       | 4 |  4.1
Shields        | 5 |  5.0

Action                     |  1- 3 |  4- 6 || total
---------------------------+-------+-------++-------
  Melee: War axe           |    75 |    66 ||   141
         Dagger            |       |    60 ||    60
    Use: Scroll            |       |     3 ||     3
 Armour: Scale mail        |     6 |       ||     6
         Chain mail        |    53 |   124 ||   177
  Dodge: Dodged            |    30 |    61 ||    91
  Block: Buckler           |    28 |    26 ||    54

Table legend: (Time is in decaauts)
 A = Elapsed time spent in this place.
 B = Non-inter-level travel time spent in this place.
 C = Inter-level travel time spent in this place.
 D = Time resting spent in this place.
 E = Time spent auto-exploring this place.
 F = Levels seen in this place.
 G = Mean time per level.
                   A        B        C        D        E       F      G
               +--------+--------+--------+--------+--------+-----+--------+
         Total |   2540 |   2454 |     86 |    145 |   1537 |   4 |  635.0 |
       Dungeon |   2540 |   2454 |     86 |    145 |   1537 |   4 |  635.0 |
               +--------+--------+--------+--------+--------+-----+--------+

Top non-repeatable levels by time:
     D:1: 956 daAuts
     D:2: 868 daAuts
     D:3: 667 daAuts
     D:4: 47 daAuts
